 Dungeon Crawl Stone Soup version 0.26-a0-663-g36e8fdb655 (webtiles) character file.

Game seed: 10445885045696213579

135 Kinoniko the Poker (level 5, -4/55 HPs)
             Began as an Ogre Berserker on Oct 12, 2020.
             Was a Priest of Trog.
             Slain by an orc
             ... wielding a +0 flail
              (9 damage)
             ... on level 3 of the Dungeon.
             The game lasted 00:03:32 (2369 turns).

Kinoniko the Poker (Ogre Berserker)                 Turns: 2369, Time: 00:03:32

Health: -4/55      AC:  3    Str: 21    XL:     5   Next: 18%
Magic:  5/5        EV:  6    Int:  8    God:    Trog [***...]
Gold:   129        SH: 13    Dex:  9    Spells: 4/4 levels left

rFire    . . .     SeeInvis .   a - +0 spear
rCold    . . .     Faith    .   k - +1 tower shield
rNeg     . . .     Spirit   .   b - +0 animal skin
rPois    .         Reflect  .   (helmet restricted)
rElec    .         Harm     .   (no cloak)
rCorr    .         Rampage  .   (gloves unavailable)
MR       .....                  (boots unavailable)
Stlth    +.........             q - amulet of magic regeneration
HPRegen  0.18/turn              (no ring)
MPRegen  0.34/turn              (no ring)

@: berserk cooldown, slowed, very slow
A: large, unfitting armour, tough skin 1
a: Berserk, Trog's Hand, Renounce Religion


You were on level 3 of the Dungeon.
You worshipped Trog.
Trog was most pleased with you.
You visited 1 branch of the dungeon, and saw 3 of its levels.

You collected 129 gold pieces.

Inventory:

Hand Weapons
 a - a +0 spear (weapon)
Armour
 b - a +0 animal skin (worn)
 k - a +1 tower shield (worn)
Jewellery
 q - an amulet of magic regeneration (around neck)
Scrolls
 f - a scroll of teleportation
 j - a scroll of amnesia
Potions
 c - 3 potions of curing
 d - a potion of might
 g - a potion of invisibility
 l - 3 potions of lignification
 n - a potion of mutation


   Skills:
 - Level 4.5 Fighting
 * Level 4.7 Polearms
 - Level 3.1 Dodging
 - Level 0.1 Stealth
 + Level 1.6 Shields


You had 4 spell levels left.
You didn't know any spells.
Your spell library was empty.

Dungeon Overview and Level Annotations

Branches:
Dungeon (3/15)

Altars:
Okawaru


Innate Abilities, Weirdness & Mutations

You are too large for most types of armour.
You have tough skin. (AC +1)


Message History

The orc is moderately wounded.
You block the orc's attack. The orc hits you with a +0 falchion.
You hit the orc.
The orc is severely wounded.
The orc barely misses you. The orc hits you with a +0 falchion. x2
Your shield prevents you from hitting the orc.
The orc is severely wounded.
The orc hits you with a +0 flail.
* * * LOW HITPOINT WARNING * * *
You block the orc's attack. The orc hits you but does no damage.
You hit the orc.
You kill the orc!
Trog accepts your kill. The orc barely misses you.
Your shield prevents you from hitting the orc.
The orc hits you but does no damage.
You closely miss the orc. The orc hits you with a +0 flail!
* * * LOW HITPOINT WARNING * * *
You hit the orc but do no damage. The orc hits you with a +0 flail!
You die...

#...........#
#.#.....#.#.##+##
....#...#........
#.......#.#.#.# #
###...####.#..
#.###$..####..###
#............#.#
#####...#####.....
#.....@)....# .#
#.#..))o..#.#
#.......#
#.......#
#.......#
#.......#
#.......#
#.......#


You could see an orc.

Vanquished Creatures
  An orc priest (D:3)
  2 gnolls (D:2)
  An adder (D:2)
  An ooze (D:2)
  3 worms (D:2)
  2 dart slugs (D:1)
  A leopard gecko (D:2)
  6 orcs
  4 giant cockroaches
  2 goblins (D:2)
  9 hobgoblins
  2 jackals (D:3)
  6 bats
  3 frilled lizards (D:1)
  4 kobolds
  7 rats
54 creatures vanquished.

Notes
Turn   | Place    | Note
-------+----------+-------------------------------------------
     0 | D:1      | Kinoniko the Ogre Berserker began the quest for the Orb.
     0 | D:1      | Reached XP level 1. HP: 24/24 MP: 1/1
   125 | D:1      | Reached XP level 2. HP: 31/32 MP: 2/2
   540 | D:1      | Reached XP level 3. HP: 23/40 MP: 3/3
   714 | D:1      | Reached ** piety under Trog
  1378 | D:2      | Reached XP level 4. HP: 26/49 MP: 4/4
  1750 | D:2      | Reached skill level 1 in Shields
  1752 | D:2      | Found an iron altar of Okawaru.
  2354 | D:3      | Reached XP level 5. HP: 55/55 MP: 5/5
  2366 | D:3      | Reached *** piety under Trog
  2369 | D:3      | Slain by an orc

Illustrated notes

Levels and vault maps discovered:
D:1:      minmay_arrival_checkered_box, layout_rooms
D:2:      layout_basic, okawaru_altar_gauntlet_db
D:3:      cheibrodos_pilgrimage, layout_loops_cross, minmay_misc_feat_doors,
          uniq_natasha, uniq_jessica

Skill      XL: |  1  2  3  4 |
---------------+-------------+-----
Dodging        | 3 |  3.1
Polearms       | 4 |  4.7
Shields        | 1 |  1.6
Fighting       | |  4.5
Stealth        | |  0.1

Action                   |  1- 3 |  4- 6 || total
-------------------------+-------+-------++-------
Melee: Spear             |   150 |    79 ||   229
Invok: Berserk           |     1 |     2 ||     3
  Use: Scroll            |       |    13 ||    13
Armor: Animal skin       |    24 |    12 ||    36
Dodge: Dodged            |    42 |    15 ||    57
Block: Tower shield      |    14 |    52 ||    66

Table legend: (Time is in decaauts)
 A = Elapsed time spent in this place.
 B = Non-inter-level travel time spent in this place.
 C = Inter-level travel time spent in this place.
 D = Time resting spent in this place.
 E = Time spent auto-exploring this place.
 F = Levels seen in this place.
 G = Mean time per level.
                   A        B        C        D        E       F      G
               +--------+--------+--------+--------+--------+-----+--------+
         Total |   2386 |   2346 |     40 |    654 |   1299 |   3 |  795.3 |
       Dungeon |   2386 |   2346 |     40 |    654 |   1299 |   3 |  795.3 |
               +--------+--------+--------+--------+--------+-----+--------+

Top non-repeatable levels by time:
     D:2: 1401 daAuts
     D:1: 948 daAuts
     D:3: 36 daAuts
